Flyers vs Thrashers

Created - March 6 2008 at 19:59

Goals
1 2 3 T
Flyers 0 1 1 2
Thrashers 0 0 0 0
Shots
1 2 3 T
Flyers 11 8 11 30
Thrashers 11 8 4 23

Period #1

No Goal

Penalties :
Brent Seabrook (PHI) for Roughing (Minor) at 3:05, Joe Thornton (ATL) for Hooking (Minor) at 9:50, Pavel Kubina (PHI) for Hooking (Minor) at 15:13, Mike Commodore (ATL) for Roughing (Minor) at 19:54

Period #2

1. Flyers , Brad Richards 20 (Mark Recchi, Dustin Penner) at 9:38

Penalties :
Mike Commodore (ATL) for Hooking (Minor) at 4:10, Samuel Pahlsson (PHI) for Hooking (Minor) at 12:37, Keith Tkachuk (ATL) for Fighting (Major) at 15:28, Jiri Hudler (PHI) for Fighting (Major) at 15:28, Keith Tkachuk (ATL) for Fighting (Major) at 15:28

Period #3

2. Flyers , Dustin Penner 17 (Brad Richards, Pavel Kubina) at 19:51 (Empty Net)

Penalties :
Brett Clark (ATL) for Hooking (Minor) at 6:10

Goalie Stats

Chris Osgood (PHI), 23 saves from 23 shots - (1.000), W, 36-26-5, 60:00 minutes
Henrik Lundqvist (ATL), 28 saves from 29 shots - (0.966), L, 49-18-4, 59:10 minutes

Players Stats

Flyers
Player Name              G  A  P  +/- PIM S  H  SB FO MP 
-----------------------------------------------------------
Andy Hilbert             0  0  0   0  0   0  4  0  25 19 
Brad Richards            1  1  2   2  0   3  1  0  25 23 
Brent Seabrook           0  0  0   1  2   1  2  0  0  24 
Darryl Sydor             0  0  0   0  0   1  2  1  0  23 
Denis Gauthier           0  0  0   1  0   1  2  1  0  16 
Dustin Penner            1  1  2   2  0   3  1  0  0  21 
Geoff Sanderson          0  0  0   0  0   4  1  0  2  18 
Jeff Friesen             0  0  0   0  0   0  0  0  0  9  
Jiri Hudler              0  0  0   0  5   1  0  0  1  17 
Lee Stempniak            0  0  0   1  0   1  1  1  4  19 
Mark Recchi              0  1  1   1  0   10 2  0  2  21 
Michal Handzus           0  0  0   0  0   3  1  0  24 18 
Mike Rathje              0  0  0   0  0   0  0  0  0  14 
Mike Van Ryn             0  0  0   0  0   0  1  2  0  20 
Owen Nolan               0  0  0   0  0   0  0  0  1  4  
Pavel Kubina             0  1  1   2  2   1  0  1  0  24 
Sami Kapanen             0  0  0   0  0   1  0  0  1  14 
Samuel Pahlsson          0  0  0   0  2   0  1  0  7  9  
Thrashers
Player Name              G  A  P  +/- PIM S  H  SB FO MP 
-----------------------------------------------------------
Alexander Frolov         0  0  0   0  0   0  0  0  16 26 
Barret Jackman           0  0  0  -1  0   0  0  1  0  18 
Brad Boyes               0  0  0  -1  0   2  0  0  1  19 
Brett Clark              0  0  0  -1  2   0  0  1  0  23 
Dan Boyle                0  0  0  -1  0   5  0  1  0  20 
David Backes             0  0  0  -1  0   6  0  0  2  14 
Eric Brewer              0  0  0   0  0   1  0  0  0  8  
Jay Mcclement            0  0  0  -1  0   3  0  0  24 17 
Joe Thornton             0  0  0   0  2   1  3  1  29 22 
Keith Tkachuk            0  0  0   0  15  1  2  0  1  10 
Marc Savard              0  0  0   0  0   1  0  0  2  2  
Martin Rucinsky          0  0  0  -1  0   0  0  0  1  15 
Michael Ryder            0  0  0  -1  0   0  1  0  10 21 
Mike Commodore           0  0  0   0  4   0  4  0  0  14 
Milan Michalek           0  0  0  -1  0   0  2  0  3  16 
Radek Martinek           0  0  0   0  0   1  1  0  0  18 
Tomas Holmstrom          0  0  0  -1  0   2  2  0  3  22 
Wade Redden              0  0  0   0  0   0  0  1  0  23 

3 Stars

1 - Chris Osgood (PHI)
2 - Brad Richards (PHI)
3 - Dustin Penner (PHI)

Power Play

Flyers - 0 on 4 Attempt(s) - 0.00%
Thrashers - 0 on 3 Attempt(s) - 0.00%

Penalty Kill

Flyers - 3 on 3 Attempt(s) - 100.00% - Score 0 goal in Penalty Kill
Thrashers - 4 on 4 Attempt(s) - 100.00% - Score 0 goal in Penalty Kill

Game Notes

Marc Savard is injured at 5:47 of 1st period (Sore Right Knee)
Keith Tkachuk and Jiri Hudler fight to a draw at 15:28 of 2nd period
Keith Tkachuk ejected from game at 15:28 of 2nd period
Dustin Penner has scored in a empty net!

Finance

Level 1 -- Attendance: 6000 (100.00%) -- Ticket Income $450,000.00
Level 2 -- Attendance: 4834 (96.68%) -- Ticket Income $241,700.00
Level 3 -- Attendance: 1956 (76.86%) -- Ticket Income $58,680.00
Level 4 -- Attendance: 3616 (90.40%) -- Ticket Income $72,320.00
Luxury Box -- Attendance: 1000 (100.00%) -- Ticket Income $150,000.00
Game was played at the Philips Arena
Total Attendance: 17406 (93.86%)
Total Ticket Income: $1,030,211.00
Other Income: $167,261.10
Total Income: $1,197,472.00


Play by Play

Period #1

0:01 of 1st period - Joe Thornton wins face-off versus Brad Richards in neutral zone.
0:41 of 1st period - Shot by Joe Thornton.
0:41 of 1st period - Stopped by Chris Osgood without a rebound.
0:42 of 1st period - Marc Savard wins face-off versus Andy Hilbert in Flyers zone.
0:57 of 1st period - Marc Savard is hit by Denis Gauthier and loses puck.
1:06 of 1st period - Tomas Holmstrom is hit by Andy Hilbert and loses puck.
1:12 of 1st period - Off-side.
1:13 of 1st period - Michal Handzus wins face-off versus Jay Mcclement in neutral zone.
1:24 of 1st period - Shot by Jiri Hudler.
1:24 of 1st period - Stopped by Henrik Lundqvist without a rebound.
1:25 of 1st period - Joe Thornton wins face-off versus Owen Nolan in Thrashers zone.
1:34 of 1st period - Shot by Martin Rucinsky.
1:34 of 1st period - Deflect By David Backes.
1:34 of 1st period - Stopped by Chris Osgood without a rebound.
1:35 of 1st period - Jay Mcclement wins face-off versus Michal Handzus in Flyers zone.
2:11 of 1st period - Sami Kapanen is hit by Radek Martinek.
2:13 of 1st period - Shot by Michal Handzus.
2:13 of 1st period - Deflect By Sami Kapanen.
2:13 of 1st period - Shot Misses the Net.
2:15 of 1st period - Shot by Michal Handzus.
2:15 of 1st period - Stopped by Henrik Lundqvist with a rebound.
2:30 of 1st period - Icing by Brent Seabrook.
2:31 of 1st period - Brad Richards wins face-off versus Joe Thornton in Flyers zone.
3:05 of 1st period - Minor Penalty to Brent Seabrook for Roughing.
3:06 of 1st period - Samuel Pahlsson wins face-off versus Joe Thornton in Flyers zone.
4:18 of 1st period - Shot by Dan Boyle.
4:18 of 1st period - Shot Misses the Net.
4:20 of 1st period - Shot by Keith Tkachuk.
4:20 of 1st period - Deflect By Marc Savard.
4:20 of 1st period - Stopped by Chris Osgood without a rebound.
4:21 of 1st period - Michael Ryder wins face-off versus Michal Handzus in Flyers zone.
5:05 of 1st period - Dan Boyle is hit by Brent Seabrook and loses puck.
5:39 of 1st period - Shot by Mark Recchi.
5:39 of 1st period - Stopped by Henrik Lundqvist without a rebound.
5:40 of 1st period - Joe Thornton wins face-off versus Andy Hilbert in Thrashers zone.
5:40 of 1st period - Wade Redden is hit by Andy Hilbert and loses puck.
5:45 of 1st period - Shot by Geoff Sanderson.
5:45 of 1st period - Stopped by Henrik Lundqvist without a rebound.
5:46 of 1st period - Marc Savard wins face-off versus Andy Hilbert in Thrashers zone.
5:46 of 1st period - Marc Savard is hit by Geoff Sanderson.
5:47 of 1st period - Marc Savard from Thrashers is injured at 5:47 of 1st period (Sore Right Knee).
5:48 of 1st period - Joe Thornton wins face-off versus Andy Hilbert in Thrashers zone.
6:39 of 1st period - Off-side.
6:40 of 1st period - Michael Ryder wins face-off versus Brad Richards in neutral zone.
6:43 of 1st period - Shot by Dan Boyle.
6:43 of 1st period - Stopped by Chris Osgood without a rebound.
6:44 of 1st period - Brad Richards wins face-off versus Michael Ryder in Flyers zone.
6:57 of 1st period - Shot by Brad Richards.
6:57 of 1st period - Shot Hit the Post.
6:59 of 1st period - Shot by Mark Recchi.
6:59 of 1st period - Shot Misses the Net.
7:03 of 1st period - Shot by Mark Recchi.
7:03 of 1st period - Shot Misses the Net.
7:11 of 1st period - Pavel Kubina is hit by Milan Michalek and loses puck.
7:38 of 1st period - Icing by Dan Boyle.
7:39 of 1st period - Michal Handzus wins face-off versus Michael Ryder in Thrashers zone.
7:40 of 1st period - Shot by Sami Kapanen.
7:40 of 1st period - Shot Misses the Net.
7:44 of 1st period - Shot by Jiri Hudler.
7:44 of 1st period - Shot Misses the Net.
7:48 of 1st period - Shot by Michal Handzus.
7:48 of 1st period - Stopped by Henrik Lundqvist without a rebound.
7:49 of 1st period - Joe Thornton wins face-off versus Michal Handzus in Thrashers zone.
8:12 of 1st period - Shot by Sami Kapanen.
8:12 of 1st period - Stopped by Henrik Lundqvist without a rebound.
8:13 of 1st period - Joe Thornton wins face-off versus Andy Hilbert in Thrashers zone.
8:29 of 1st period - Icing by Denis Gauthier.
8:30 of 1st period - Andy Hilbert wins face-off versus Jay Mcclement in Flyers zone.
8:46 of 1st period - Off-side.
8:47 of 1st period - Brad Richards wins face-off versus Joe Thornton in neutral zone.
9:00 of 1st period - Shot by Dustin Penner.
9:00 of 1st period - Stopped by Henrik Lundqvist without a rebound.
9:01 of 1st period - Michal Handzus wins face-off versus Alexander Frolov in Thrashers zone.
9:11 of 1st period - Icing by Brett Clark.
9:12 of 1st period - Brad Richards wins face-off versus Milan Michalek in Thrashers zone.
9:13 of 1st period - Shot by Dustin Penner.
9:13 of 1st period - Deflect By Mark Recchi.
9:13 of 1st period - Stopped by Henrik Lundqvist without a rebound.
9:14 of 1st period - Brad Richards wins face-off versus Alexander Frolov in Thrashers zone.
9:23 of 1st period - Dustin Penner is hit by Tomas Holmstrom and loses puck.
9:31 of 1st period - Off-side.
9:32 of 1st period - Joe Thornton wins face-off versus Michal Handzus in neutral zone.
9:50 of 1st period - Minor Penalty to Joe Thornton for Hooking.
9:51 of 1st period - Mark Recchi wins face-off versus Jay Mcclement in Flyers zone.
10:12 of 1st period - Shot by Brent Seabrook.
10:12 of 1st period - Shot Misses the Net.
10:49 of 1st period - Icing by Andy Hilbert.
10:50 of 1st period - Lee Stempniak wins face-off versus Alexander Frolov in Flyers zone.
11:23 of 1st period - Tomas Holmstrom is hit by Andy Hilbert and loses puck.
13:38 of 1st period - Shot by Dan Boyle.
13:38 of 1st period - Shot Misses the Net.
14:12 of 1st period - Shot by Mark Recchi.
14:12 of 1st period - Stopped by Henrik Lundqvist without a rebound.
14:13 of 1st period - Andy Hilbert wins face-off versus Alexander Frolov in Thrashers zone.
14:16 of 1st period - Shot by Lee Stempniak.
14:16 of 1st period - Shot Misses the Net.
14:20 of 1st period - Shot by Andy Hilbert.
14:20 of 1st period - Deflect By Lee Stempniak.
14:20 of 1st period - Stopped by Henrik Lundqvist without a rebound.
14:21 of 1st period - Brad Richards wins face-off versus Michael Ryder in Thrashers zone.
14:34 of 1st period - Wade Redden is hit by Mark Recchi and loses puck.
14:48 of 1st period - Icing by Mark Recchi.
14:49 of 1st period - Brad Richards wins face-off versus Jay Mcclement in Flyers zone.
15:13 of 1st period - Shot by Jay Mcclement.
15:13 of 1st period - Stopped by Chris Osgood without a rebound.
15:13 of 1st period - Minor Penalty to Pavel Kubina for Hooking.
15:14 of 1st period - Samuel Pahlsson wins face-off versus Tomas Holmstrom in Flyers zone.
15:14 of 1st period - Samuel Pahlsson is hit by Keith Tkachuk.
15:43 of 1st period - Shot by Keith Tkachuk.
15:43 of 1st period - Shot Blocked by Denis Gauthier.
15:45 of 1st period - Shot by Tomas Holmstrom.
15:45 of 1st period - Shot Misses the Net.
15:47 of 1st period - Shot by Dan Boyle.
15:47 of 1st period - Stopped by Chris Osgood without a rebound.
15:48 of 1st period - Samuel Pahlsson wins face-off versus Joe Thornton in Flyers zone.
16:13 of 1st period - Shot by Brett Clark.
16:13 of 1st period - Shot Misses the Net.
16:17 of 1st period - Shot by Brad Boyes.
16:17 of 1st period - Stopped by Chris Osgood with a rebound.
16:19 of 1st period - Shot by Joe Thornton.
16:19 of 1st period - Deflect By Brad Boyes.
16:19 of 1st period - Shot Misses the Net.
16:57 of 1st period - Shot by Dan Boyle.
16:57 of 1st period - Shot Misses the Net.
16:59 of 1st period - Shot by Dan Boyle.
16:59 of 1st period - Stopped by Chris Osgood without a rebound.
17:00 of 1st period - Brad Richards wins face-off versus Joe Thornton in Flyers zone.
17:21 of 1st period - Shot by Brad Boyes.
17:21 of 1st period - Stopped by Chris Osgood with a rebound.
17:29 of 1st period - Shot by Brad Boyes.
17:29 of 1st period - Shot Blocked by Pavel Kubina.
18:02 of 1st period - Shot by Eric Brewer.
18:02 of 1st period - Stopped by Chris Osgood without a rebound.
18:03 of 1st period - Andy Hilbert wins face-off versus Keith Tkachuk in Flyers zone.
18:22 of 1st period - Shot by Tomas Holmstrom.
18:22 of 1st period - Stopped by Chris Osgood without a rebound.
18:23 of 1st period - Michal Handzus wins face-off versus Joe Thornton in Flyers zone.
18:49 of 1st period - Icing by Darryl Sydor.
18:50 of 1st period - Michal Handzus wins face-off versus Alexander Frolov in Flyers zone.
19:21 of 1st period - Off-side.
19:22 of 1st period - Brad Richards wins face-off versus Jay Mcclement in neutral zone.
19:22 of 1st period - Mark Recchi is hit by Michael Ryder and loses puck.
19:27 of 1st period - Shot by Pavel Kubina.
19:27 of 1st period - Stopped by Henrik Lundqvist without a rebound.
19:28 of 1st period - Samuel Pahlsson wins face-off versus Jay Mcclement in Thrashers zone.
19:53 of 1st period - Samuel Pahlsson is hit by Mike Commodore and loses puck.
19:54 of 1st period - Minor Penalty to Mike Commodore for Roughing.
19:55 of 1st period - Alexander Frolov wins face-off versus Andy Hilbert in Thrashers zone.

Period #2

0:01 of 2nd period - David Backes wins face-off versus Brad Richards in neutral zone.
0:12 of 2nd period - Shot by Brad Richards.
0:12 of 2nd period - Stopped by Henrik Lundqvist without a rebound.
0:13 of 2nd period - Andy Hilbert wins face-off versus Jay Mcclement in Thrashers zone.
2:01 of 2nd period - Icing by Radek Martinek.
2:02 of 2nd period - Jay Mcclement wins face-off versus Michal Handzus in Thrashers zone.
2:06 of 2nd period - Icing by Brad Boyes.
2:07 of 2nd period - Andy Hilbert wins face-off versus Jay Mcclement in Thrashers zone.
2:10 of 2nd period - Shot by Geoff Sanderson.
2:10 of 2nd period - Stopped by Henrik Lundqvist without a rebound.
2:11 of 2nd period - Michal Handzus wins face-off versus Alexander Frolov in Thrashers zone.
3:20 of 2nd period - Shot by Jay Mcclement.
3:20 of 2nd period - Deflect By Michael Ryder.
3:20 of 2nd period - Shot Misses the Net.
3:22 of 2nd period - Shot by Brad Boyes.
3:22 of 2nd period - Shot Blocked by Mike Van Ryn.
3:24 of 2nd period - Shot by Radek Martinek.
3:24 of 2nd period - Stopped by Chris Osgood without a rebound.
3:25 of 2nd period - Joe Thornton wins face-off versus Brad Richards in Flyers zone.
3:55 of 2nd period - Off-side.
3:56 of 2nd period - Andy Hilbert wins face-off versus Jay Mcclement in neutral zone.
4:06 of 2nd period - Icing by Radek Martinek.
4:07 of 2nd period - Michal Handzus wins face-off versus Jay Mcclement in Thrashers zone.
4:07 of 2nd period - Michal Handzus is hit by Mike Commodore.
4:10 of 2nd period - Minor Penalty to Mike Commodore for Hooking.
4:11 of 2nd period - Jay Mcclement wins face-off versus Brad Richards in Thrashers zone.
4:43 of 2nd period - Off-side.
4:44 of 2nd period - Andy Hilbert wins face-off versus Alexander Frolov in neutral zone.
5:47 of 2nd period - Shot by Mark Recchi.
5:47 of 2nd period - Shot Blocked by Barret Jackman.
5:51 of 2nd period - Shot by Brad Richards.
5:51 of 2nd period - Shot Misses the Net.
5:53 of 2nd period - Shot by Brent Seabrook.
5:53 of 2nd period - Shot Misses the Net.
5:55 of 2nd period - Shot by Pavel Kubina.
5:55 of 2nd period - Shot Misses the Net.
5:57 of 2nd period - Shot by Brent Seabrook.
5:57 of 2nd period - Shot Misses the Net.
5:59 of 2nd period - Shot by Brad Richards.
5:59 of 2nd period - Shot Misses the Net.
6:03 of 2nd period - Shot by Brent Seabrook.
6:03 of 2nd period - Stopped by Henrik Lundqvist without a rebound.
6:04 of 2nd period - Alexander Frolov wins face-off versus Andy Hilbert in Thrashers zone.
6:20 of 2nd period - Off-side.
6:21 of 2nd period - Jay Mcclement wins face-off versus Samuel Pahlsson in neutral zone.
6:52 of 2nd period - Shot by Jay Mcclement.
6:52 of 2nd period - Stopped by Chris Osgood without a rebound.
6:53 of 2nd period - Milan Michalek wins face-off versus Michal Handzus in Flyers zone.
7:14 of 2nd period - Shot by Dan Boyle.
7:14 of 2nd period - Shot Blocked by Darryl Sydor.
7:16 of 2nd period - Shot by Dan Boyle.
7:16 of 2nd period - Stopped by Chris Osgood without a rebound.
7:17 of 2nd period - Joe Thornton wins face-off versus Andy Hilbert in Flyers zone.
7:34 of 2nd period - Shot by David Backes.
7:34 of 2nd period - Stopped by Chris Osgood with a rebound.
7:36 of 2nd period - Shot by Eric Brewer.
7:36 of 2nd period - Shot Blocked by Mike Van Ryn.
7:38 of 2nd period - Shot by David Backes.
7:38 of 2nd period - Shot Blocked by Lee Stempniak.
7:40 of 2nd period - Shot by David Backes.
7:40 of 2nd period - Stopped by Chris Osgood without a rebound.
7:41 of 2nd period - Brad Richards wins face-off versus Alexander Frolov in Flyers zone.
7:41 of 2nd period - Brad Richards is hit by Milan Michalek.
7:50 of 2nd period - Off-side.
7:51 of 2nd period - Michal Handzus wins face-off versus Jay Mcclement in neutral zone.
8:16 of 2nd period - Shot by Michael Ryder.
8:16 of 2nd period - Deflect By Jay Mcclement.
8:16 of 2nd period - Stopped by Chris Osgood without a rebound.
8:17 of 2nd period - Joe Thornton wins face-off versus Andy Hilbert in Flyers zone.
8:32 of 2nd period - Denis Gauthier is hit by Keith Tkachuk and loses puck.
8:53 of 2nd period - Barret Jackman is hit by Lee Stempniak and loses puck.
9:34 of 2nd period - Shot by Mark Recchi.
9:34 of 2nd period - Stopped by Henrik Lundqvist with a rebound.
9:38 of 2nd period - Shot by Mark Recchi.
9:38 of 2nd period - Deflect By Brad Richards.
9:38 of 2nd period - Goal by Brad Richards - Flyers : 1 - Thrashers : 0.
9:39 of 2nd period - Jay Mcclement wins face-off versus Michal Handzus in neutral zone.
9:58 of 2nd period - Icing by Mike Rathje.
9:59 of 2nd period - Joe Thornton wins face-off versus Sami Kapanen in Flyers zone.
10:01 of 2nd period - Tomas Holmstrom is hit by Darryl Sydor.
10:28 of 2nd period - Icing by Jiri Hudler.
10:29 of 2nd period - Jiri Hudler wins face-off versus Jay Mcclement in Flyers zone.
11:28 of 2nd period - Shot by Mark Recchi.
11:28 of 2nd period - Stopped by Henrik Lundqvist without a rebound.
11:29 of 2nd period - Alexander Frolov wins face-off versus Andy Hilbert in Thrashers zone.
11:55 of 2nd period - Shot by Lee Stempniak.
11:55 of 2nd period - Shot Misses the Net.
11:57 of 2nd period - Shot by Andy Hilbert.
11:57 of 2nd period - Shot Blocked by Dan Boyle.
12:09 of 2nd period - Shot by Geoff Sanderson.
12:09 of 2nd period - Shot Misses the Net.
12:37 of 2nd period - Minor Penalty to Samuel Pahlsson for Hooking.
12:38 of 2nd period - Joe Thornton wins face-off versus Michal Handzus in Thrashers zone.
13:32 of 2nd period - Icing by Dan Boyle.
13:33 of 2nd period - Michal Handzus wins face-off versus Michael Ryder in Thrashers zone.
13:36 of 2nd period - Shot by Sami Kapanen.
13:36 of 2nd period - Shot Misses the Net.
13:50 of 2nd period - Shot by Keith Tkachuk.
13:50 of 2nd period - Stopped by Chris Osgood without a rebound.
13:51 of 2nd period - Joe Thornton wins face-off versus Brad Richards in Flyers zone.
14:18 of 2nd period - Shot by Tomas Holmstrom.
14:18 of 2nd period - Deflect By Joe Thornton.
14:18 of 2nd period - Shot Misses the Net.
14:28 of 2nd period - Mike Van Ryn is hit by Joe Thornton and loses puck.
15:05 of 2nd period - Icing by Jay Mcclement.
15:06 of 2nd period - Jay Mcclement wins face-off versus Brad Richards in Thrashers zone.
15:21 of 2nd period - Shot by David Backes.
15:21 of 2nd period - Stopped by Chris Osgood without a rebound.
15:22 of 2nd period - Joe Thornton wins face-off versus Michal Handzus in Flyers zone.
15:28 of 2nd period - Keith Tkachuk and Jiri Hudler fight to a draw.
15:28 of 2nd period - Penalty to Keith Tkachuk for Fighting.
15:28 of 2nd period - Penalty to Jiri Hudler for Fighting.
15:28 of 2nd period - Penalty to Keith Tkachuk for instigated a fight..
15:28 of 2nd period - Keith Tkachuk is ejected from game.
15:29 of 2nd period - Andy Hilbert wins face-off versus Alexander Frolov in Flyers zone.
15:36 of 2nd period - Shot by Darryl Sydor.
15:36 of 2nd period - Stopped by Henrik Lundqvist without a rebound.
15:37 of 2nd period - Brad Richards wins face-off versus Alexander Frolov in Thrashers zone.
15:43 of 2nd period - Mark Recchi is hit by Mike Commodore and loses puck.
16:21 of 2nd period - Icing by Darryl Sydor.
16:22 of 2nd period - Andy Hilbert wins face-off versus Jay Mcclement in Flyers zone.
16:28 of 2nd period - Shot by Andy Hilbert.
16:28 of 2nd period - Shot Misses the Net.
16:49 of 2nd period - Off-side.
16:50 of 2nd period - Jay Mcclement wins face-off versus Brad Richards in neutral zone.
16:58 of 2nd period - Jay Mcclement is hit by Brent Seabrook and loses puck.
17:53 of 2nd period - Joe Thornton is hit by Darryl Sydor and loses puck.
17:58 of 2nd period - Shot by Tomas Holmstrom.
17:58 of 2nd period - Shot Misses the Net.
18:00 of 2nd period - Shot by Joe Thornton.
18:00 of 2nd period - Shot Misses the Net.
18:04 of 2nd period - Shot by Wade Redden.
18:04 of 2nd period - Shot Misses the Net.
18:31 of 2nd period - Icing by Radek Martinek.
18:32 of 2nd period - Andy Hilbert wins face-off versus Jay Mcclement in Thrashers zone.
18:32 of 2nd period - Andy Hilbert is hit by Mike Commodore.
19:08 of 2nd period - Shot by Brad Richards.
19:08 of 2nd period - Shot Blocked by Wade Redden.
19:10 of 2nd period - Shot by Geoff Sanderson.
19:10 of 2nd period - Stopped by Henrik Lundqvist without a rebound.
19:11 of 2nd period - Samuel Pahlsson wins face-off versus Alexander Frolov in Thrashers zone.
19:46 of 2nd period - Milan Michalek is hit by Samuel Pahlsson.

Period #3

0:01 of 3rd period - Jay Mcclement wins face-off versus Michal Handzus in neutral zone.
0:25 of 3rd period - Icing by Darryl Sydor.
0:26 of 3rd period - Michal Handzus wins face-off versus Joe Thornton in Flyers zone.
0:57 of 3rd period - Shot by David Backes.
0:57 of 3rd period - Stopped by Chris Osgood with a rebound.
1:14 of 3rd period - Off-side.
1:15 of 3rd period - Lee Stempniak wins face-off versus Joe Thornton in neutral zone.
1:26 of 3rd period - Shot by Lee Stempniak.
1:26 of 3rd period - Shot Misses the Net.
1:44 of 3rd period - Shot by Alexander Frolov.
1:44 of 3rd period - Shot Misses the Net.
2:12 of 3rd period - Icing by Brett Clark.
2:13 of 3rd period - Joe Thornton wins face-off versus Brad Richards in Thrashers zone.
2:13 of 3rd period - Joe Thornton is hit by Brad Richards.
2:21 of 3rd period - Brad Richards is hit by Joe Thornton and loses puck.
2:25 of 3rd period - Denis Gauthier is hit by Tomas Holmstrom and loses puck.
2:34 of 3rd period - Shot by Jiri Hudler.
2:34 of 3rd period - Shot Blocked by Brett Clark.
2:36 of 3rd period - Shot by Geoff Sanderson.
2:36 of 3rd period - Shot Blocked by Joe Thornton.
2:38 of 3rd period - Shot by Denis Gauthier.
2:38 of 3rd period - Stopped by Henrik Lundqvist without a rebound.
2:39 of 3rd period - Michael Ryder wins face-off versus Andy Hilbert in Thrashers zone.
3:11 of 3rd period - Icing by Pavel Kubina.
3:12 of 3rd period - Andy Hilbert wins face-off versus Brad Boyes in Flyers zone.
5:22 of 3rd period - Shot by David Backes.
5:22 of 3rd period - Stopped by Chris Osgood without a rebound.
5:23 of 3rd period - Brad Richards wins face-off versus Joe Thornton in Flyers zone.
5:30 of 3rd period - Shot by Mark Recchi.
5:30 of 3rd period - Stopped by Henrik Lundqvist with a rebound.
5:32 of 3rd period - Shot by Mark Recchi.
5:32 of 3rd period - Stopped by Henrik Lundqvist with a rebound.
5:36 of 3rd period - Shot by Mark Recchi.
5:36 of 3rd period - Shot Misses the Net.
5:48 of 3rd period - Brent Seabrook is hit by Joe Thornton and loses puck.
6:01 of 3rd period - Off-side.
6:02 of 3rd period - Lee Stempniak wins face-off versus Tomas Holmstrom in neutral zone.
6:10 of 3rd period - Minor Penalty to Brett Clark for Hooking.
6:11 of 3rd period - Jay Mcclement wins face-off versus Lee Stempniak in Thrashers zone.
6:20 of 3rd period - Shot by Geoff Sanderson.
6:20 of 3rd period - Stopped by Henrik Lundqvist without a rebound.
6:21 of 3rd period - Martin Rucinsky wins face-off versus Andy Hilbert in Thrashers zone.
7:43 of 3rd period - Shot by Michal Handzus.
7:43 of 3rd period - Shot Misses the Net.
7:58 of 3rd period - Icing by Jeff Friesen.
7:59 of 3rd period - Alexander Frolov wins face-off versus Michal Handzus in Flyers zone.
8:12 of 3rd period - Shot by Dustin Penner.
8:12 of 3rd period - Shot Misses the Net.
8:14 of 3rd period - Shot by Dustin Penner.
8:14 of 3rd period - Shot Misses the Net.
8:18 of 3rd period - Shot by Mark Recchi.
8:18 of 3rd period - Shot Misses the Net.
8:20 of 3rd period - Shot by Mark Recchi.
8:20 of 3rd period - Stopped by Henrik Lundqvist without a rebound.
8:21 of 3rd period - Brad Richards wins face-off versus Joe Thornton in Thrashers zone.
8:38 of 3rd period - Icing by Brett Clark.
8:39 of 3rd period - Alexander Frolov wins face-off versus Geoff Sanderson in Thrashers zone.
8:41 of 3rd period - Icing by Joe Thornton.
8:42 of 3rd period - Joe Thornton wins face-off versus Brad Richards in Thrashers zone.
9:01 of 3rd period - Shot by Brad Richards.
9:01 of 3rd period - Shot Misses the Net.
9:52 of 3rd period - Off-side.
9:53 of 3rd period - Andy Hilbert wins face-off versus Michael Ryder in neutral zone.
10:48 of 3rd period - Radek Martinek is hit by Andy Hilbert and loses puck.
11:06 of 3rd period - Jay Mcclement is hit by Mike Van Ryn and loses puck.
12:32 of 3rd period - Alexander Frolov is hit by Denis Gauthier.
12:57 of 3rd period - Icing by Martin Rucinsky.
12:58 of 3rd period - Tomas Holmstrom wins face-off versus Michal Handzus in Thrashers zone.
12:58 of 3rd period - Tomas Holmstrom is hit by Michal Handzus.
13:24 of 3rd period - Shot by Michal Handzus.
13:24 of 3rd period - Stopped by Henrik Lundqvist without a rebound.
13:25 of 3rd period - Andy Hilbert wins face-off versus Milan Michalek in Thrashers zone.
13:26 of 3rd period - Shot by Mark Recchi.
13:26 of 3rd period - Stopped by Henrik Lundqvist without a rebound.
13:27 of 3rd period - Geoff Sanderson wins face-off versus Michael Ryder in Thrashers zone.
13:34 of 3rd period - Shot by Michal Handzus.
13:34 of 3rd period - Shot Misses the Net.
13:54 of 3rd period - Shot by Andy Hilbert.
13:54 of 3rd period - Deflect By Mark Recchi.
13:54 of 3rd period - Stopped by Henrik Lundqvist without a rebound.
13:55 of 3rd period - David Backes wins face-off versus Samuel Pahlsson in Thrashers zone.
14:16 of 3rd period - Shot by David Backes.
14:16 of 3rd period - Shot Misses the Net.
15:00 of 3rd period - Shot by Dustin Penner.
15:00 of 3rd period - Stopped by Henrik Lundqvist with a rebound.
15:02 of 3rd period - Shot by Brad Richards.
15:02 of 3rd period - Stopped by Henrik Lundqvist without a rebound.
15:03 of 3rd period - Joe Thornton wins face-off versus Brad Richards in Thrashers zone.
15:12 of 3rd period - Icing by Brett Clark.
15:13 of 3rd period - Joe Thornton wins face-off versus Brad Richards in Thrashers zone.
15:36 of 3rd period - Shot by Dan Boyle.
15:36 of 3rd period - Stopped by Chris Osgood with a rebound.
15:55 of 3rd period - Shot by Tomas Holmstrom.
15:55 of 3rd period - Stopped by Chris Osgood without a rebound.
15:56 of 3rd period - Michal Handzus wins face-off versus Michael Ryder in Flyers zone.
17:14 of 3rd period - Wade Redden is hit by Dustin Penner and loses puck.
17:37 of 3rd period - Milan Michalek is hit by Mark Recchi and loses puck.
18:27 of 3rd period - Icing by Andy Hilbert.
18:28 of 3rd period - Joe Thornton wins face-off versus Mark Recchi in Flyers zone.
19:01 of 3rd period - Thrashers, Henrik Lundqvist is pulled from the net.
19:51 of 3rd period - Shot by Dustin Penner.
19:51 of 3rd period - Goal by Dustin Penner - Flyers : 2 - Thrashers : 0.
19:51 of 3rd period - Henrik Lundqvist from Thrashers was sent back in the game.
19:52 of 3rd period - Michal Handzus wins face-off versus Jay Mcclement in neutral zone.


Output by the SimonT Hockey Simulator (STHS) for Stephane Roy -- Original Page W3C XHTML 1.0 Valid